[Event "4NCL 2019-20"]
[Site "Daventry"]
[Date "2020.01.12"]
[Round "4"]
[White "Cyborowski, Lukasz"]
[Black "Hodgson, John H"]
[Result "1-0"]
[ECO "B53"]
[WhiteElo "2505"]
[BlackElo "2082"]
[Annotator "ChessBase"]
[PlyCount "76"]
[EventDate "2020.01.11"]
[EventCountry "ENG"]
[SourceTitle "playchess.com"]
[Source "ChessBase"]
[SourceQuality "1"]
[TimeControl "40/6000:3000+30"]

1. e4 c5 2. Nf3 d6 3. d4 cxd4 4. Qxd4 Nc6 5. Bb5 Bd7 6. Qd3 g6 7. c4 Bg7 8. O-O Nf6 9. h3 O-O 10. Nc3 a6 11. Bxc6 Bxc6 12. Nd4 Rc8 13. Be3 Nd7 14. Rac1 Nc5 15. Qc2 Bd7 16. Qe2 f5 17. exf5 gxf5 18. f4 Rf6 19. b4 Ne6 20. Nf3 Rh6 21. Nd5 Kh8 22. Rfd1 Qf8 23. Nb6 Rd8 24. Nxd7 Rxd7 25. c5 Nd8 26. a4 Qe8 27. Qd3 Rf6 28. Ne5 Rc7 29. cxd6 Rxc1 30. Rxc1 Rxd6 31. Qxf5 e6 32. Qe4 Nc6 33. Nf3 Qg6 34. Qxg6 hxg6 35. b5 axb5 36. axb5 Ne7 37. Rc7 Rd1+ 38. Kf2 Nd5 1-0

[Event "4NCL 2019-20"]
[Site "Daventry"]
[Date "2020.01.12"]
[Round "4"]
[White "Gordon, Stephen J"]
[Black "Macklin, Paul"]
[Result "1-0"]
[ECO "E94"]
[WhiteElo "2504"]
[BlackElo "2341"]
[Annotator "ChessBase"]
[PlyCount "81"]
[EventDate "2020.01.11"]
[EventCountry "ENG"]
[SourceTitle "playchess.com"]
[Source "ChessBase"]
[SourceQuality "1"]
[TimeControl "40/6000:3000+30"]

1. d4 Nf6 2. c4 g6 3. Nc3 Bg7 4. e4 d6 5. Nf3 O-O 6. Be2 Na6 7. O-O e5 8. Be3 c6 9. d5 Ng4 10. Bg5 f6 11. Bh4 c5 12. Ne1 Nh6 13. Nc2 Qe8 14. Nb5 Qd7 15. a3 f5 16. exf5 gxf5 17. f4 e4 18. Rb1 Nc7 19. Be1 Ne8 20. b4 b6 21. a4 Nf6 22. h3 Qe7 23. a5 Bd7 24. bxc5 bxc5 25. Bc3 Kh8 26. Ne3 Bc8 27. Qe1 Rg8 28. Kh1 a6 29. Na3 Ra7 30. Rb6 Nd7 31. Bxg7+ Rxg7 32. Rb3 Rb7 33. Rxb7 Bxb7 34. g4 fxg4 35. hxg4 Bc8 36. g5 Nf8 37. gxh6 Rg6 38. f5 Rxh6+ 39. Kg2 Ng6 40. Qg3 Ne5 41. Nac2 1-0

[Event "4NCL 2019-20"]
[Site "Daventry"]
[Date "2020.01.12"]
[Round "4"]
[White "Atalik, Ekaterina"]
[Black "Lucchi, Lorenzo"]
[Result "1/2-1/2"]
[ECO "A30"]
[WhiteElo "2450"]
[BlackElo "2096"]
[Annotator "ChessBase"]
[PlyCount "83"]
[EventDate "2020.01.11"]
[EventCountry "ENG"]
[SourceTitle "playchess.com"]
[Source "ChessBase"]
[SourceQuality "1"]
[TimeControl "40/6000:3000+30"]

1. Nf3 Nf6 2. e3 g6 3. b3 Bg7 4. Bb2 c5 5. c4 O-O 6. Nc3 Nc6 7. d4 cxd4 8. Nxd4 d5 9. Nxd5 Nxd5 10. Nxc6 bxc6 11. Bxg7 Nxe3 12. fxe3 Kxg7 13. Qd2 Qxd2+ 14. Kxd2 Rd8+ 15. Kc3 Bf5 16. Be2 Be4 17. Rhg1 c5 18. g3 Kf6 19. Rgd1 Ke5 20. b4 cxb4+ 21. Kxb4 Rdb8+ 22. Kc3 Rb7 23. Rd2 Rab8 24. Rad1 e6 25. Rd8 Rxd8 26. Rxd8 f5 27. a4 Rb1 28. Rd7 Rc1+ 29. Kd2 Rc2+ 30. Ke1 Rc1+ 31. Kd2 Rc2+ 32. Kd1 a6 33. Ra7 Ra2 34. Rxa6 Bc2+ 35. Kd2 Rxa4 36. Rxa4 Bxa4 37. Bf3 Kd6 38. Bb7 Bd7 39. Kd3 e5 40. Kc3 Kc5 41. Bd5 g5 42. Bg8 1/2-1/2

[Event "4NCL 2019-20"]
[Site "Daventry"]
[Date "2020.01.12"]
[Round "4"]
[White "Suarez Real, Alberto"]
[Black "Toma, Katarzyna"]
[Result "1/2-1/2"]
[ECO "B85"]
[WhiteElo "2449"]
[BlackElo "2281"]
[Annotator "ChessBase"]
[PlyCount "90"]
[EventDate "2020.01.11"]
[EventCountry "ENG"]
[SourceTitle "playchess.com"]
[Source "ChessBase"]
[SourceQuality "1"]
[TimeControl "40/6000:3000+30"]

1. e4 c5 2. Nf3 d6 3. d4 cxd4 4. Nxd4 Nf6 5. Nc3 a6 6. Be3 e6 7. Be2 Be7 8. O-O O-O 9. f4 Nc6 10. Qe1 Nxd4 11. Bxd4 b5 12. a3 Bb7 13. Qg3 g6 14. Bd3 Nh5 15. Qe3 Qd7 16. Ne2 Rac8 17. Rae1 Rfe8 18. Qh3 Bf8 19. f5 exf5 20. exf5 Qc6 21. fxg6 fxg6 22. Rf2 Bg7 23. Bxg7 Nxg7 24. Ref1 Rf8 25. Nd4 Qd5 26. c3 Rxf2 27. Rxf2 Re8 28. Bc2 Qg5 29. Bb3+ Kh8 30. Ne2 Nf5 31. Qd3 Be4 32. Qd1 Qe3 33. Qc1 Bd3 34. Qxe3 Rxe3 35. Bd1 Re7 36. h3 Ne3 37. Bb3 Nxg2 38. Kxg2 Rxe2 39. Rxe2 Bxe2 40. Bd5 Kg7 41. b4 Kf6 42. Bb7 Ke5 43. Bxa6 Bc4 44. Kf2 d5 45. Ke3 g5 {[%emt 0:00:25] Ke4+} 1/2-1/2

[Event "4NCL 2019-20"]
[Site "Daventry"]
[Date "2020.01.12"]
[Round "4"]
[White "Roberson, Peter T"]
[Black "Bates, Richard A"]
[Result "1-0"]
[ECO "C02"]
[WhiteElo "2435"]
[BlackElo "2351"]
[Annotator "ChessBase"]
[PlyCount "49"]
[EventDate "2020.01.11"]
[EventCountry "ENG"]
[SourceTitle "playchess.com"]
[Source "ChessBase"]
[SourceQuality "1"]
[TimeControl "40/6000:3000+30"]

1. e4 c5 2. c3 e6 3. d4 d5 4. e5 Nc6 5. Nf3 Bd7 6. Be2 Nge7 7. O-O Nc8 8. Re1 Be7 9. dxc5 Bxc5 10. Bd3 h6 11. b4 Bf8 12. Nbd2 Qc7 13. a4 N8e7 14. Nb3 g6 15. Qe2 Bg7 16. Ba3 Nd8 17. b5 b6 18. Rac1 Nb7 19. c4 Qd8 20. cxd5 exd5 21. Nfd4 Bc8 22. Nc6 Nxc6 23. bxc6 Na5 24. Nxa5 bxa5 25. c7 1-0

[Event "4NCL 2019-20"]
[Site "Daventry"]
[Date "2020.01.12"]
[Round "4"]
[White "Hebden, Mark L"]
[Black "Lauterbach, Ingrid"]
[Result "1-0"]
[ECO "D00"]
[WhiteElo "2434"]
[BlackElo "2051"]
[Annotator "ChessBase"]
[PlyCount "71"]
[EventDate "2020.01.11"]
[EventCountry "ENG"]
[SourceTitle "playchess.com"]
[Source "ChessBase"]
[SourceQuality "1"]
[TimeControl "40/6000:3000+30"]

1. d4 Nf6 2. Bf4 d5 3. e3 e6 4. Nc3 c6 5. Bd3 Be7 6. h3 Nbd7 7. Nf3 O-O 8. O-O Nh5 9. Bh2 g6 10. e4 dxe4 11. Nxe4 c5 12. Qd2 cxd4 13. Qh6 f6 14. Rad1 Nc5 15. Nxc5 Bxc5 16. c3 Re8 17. Nxd4 Bf8 18. Qe3 Bc5 19. Bc4 Qe7 20. Qf3 Kh8 21. Nb3 e5 22. g4 e4 23. Qe2 Ng7 24. Nxc5 Qxc5 25. Bf7 Be6 26. Bxe8 Bc4 27. Qxe4 Rxe8 28. Qd4 Qxd4 29. Rxd4 Bxf1 30. Kxf1 Ne6 31. Rd7 Nd8 32. Bd6 f5 33. Be7 Ne6 34. Rxb7 fxg4 35. hxg4 Nd8 36. Bf6+ 1-0

[Event "4NCL 2019-20"]
[Site "Daventry"]
[Date "2020.01.12"]
[Round "4"]
[White "McPhillips, Joseph"]
[Black "Palliser, Richard J D"]
[Result "1/2-1/2"]
[ECO "B90"]
[WhiteElo "2434"]
[BlackElo "2399"]
[Annotator "ChessBase"]
[PlyCount "81"]
[EventDate "2020.01.11"]
[EventCountry "ENG"]
[SourceTitle "playchess.com"]
[Source "ChessBase"]
[SourceQuality "1"]
[TimeControl "40/6000:3000+30"]

1. e4 c5 2. Nf3 d6 3. d4 cxd4 4. Nxd4 Nf6 5. Nc3 a6 6. Be3 e5 7. Nb3 Be6 8. f3 h5 9. Qd2 Nbd7 10. a4 Rc8 11. a5 Be7 12. Be2 h4 13. O-O Kf8 14. Nd5 Bxd5 15. exd5 g6 16. c4 Kg7 17. Rad1 Ne8 18. f4 exf4 19. Bd4+ Bf6 20. Rxf4 Kg8 21. Bxf6 Nexf6 22. Rdf1 Qe7 23. c5 dxc5 24. d6 Qe5 25. Bc4 h3 26. Re1 Qh5 27. g4 Qh4 28. Re7 Rh7 29. Qf2 g5 30. Qxh4 Rxh4 31. Bxf7+ Kh8 32. Rc4 Rc6 33. Be6 Rxd6 34. Nxc5 Ne5 35. Rc1 Rh7 36. Rxh7+ Kxh7 37. Bf5+ Kh6 38. Rc3 Rd1+ 39. Kf2 Nexg4+ 40. Ke2 Rd5 41. Bxg4 1/2-1/2

[Event "4NCL 2019-20"]
[Site "Daventry"]
[Date "2020.01.12"]
[Round "4"]
[White "Zhou, Yang-Fan"]
[Black "Willow, Jonah B"]
[Result "1-0"]
[ECO "B37"]
[WhiteElo "2433"]
[BlackElo "2355"]
[Annotator "ChessBase"]
[PlyCount "95"]
[EventDate "2020.01.11"]
[EventCountry "ENG"]
[SourceTitle "playchess.com"]
[Source "ChessBase"]
[SourceQuality "1"]
[TimeControl "40/6000:3000+30"]

1. e4 c5 2. Nf3 Nc6 3. d4 cxd4 4. Nxd4 g6 5. c4 Nf6 6. Nc3 d6 7. Nc2 Bg7 8. Be2 O-O 9. O-O Nd7 10. Bd2 Nc5 11. f3 a5 12. Be3 f5 13. exf5 Bxf5 14. Na3 a4 15. Qd2 Qa5 16. Rad1 Rad8 17. Rfe1 Rfe8 18. Nd5 Qxd2 19. Rxd2 Kf7 20. Nb5 Ne5 21. Red1 Rc8 22. Nb6 Rc6 23. Bxc5 Rxc5 24. Nxa4 Rcc8 25. b3 Bh6 26. Rb2 Bd7 27. Nac3 Bg7 28. Rbd2 Bh6 29. f4 Ng4 30. Nd5 Nf6 31. Nbc3 Bc6 32. Bf3 Nd7 33. Bg4 Bg7 34. Ne4 h6 35. Bxd7 Bxd7 36. Nb6 Rc7 37. Nxd7 Rxd7 38. c5 Bf8 39. cxd6 exd6 40. Nxd6+ Bxd6 41. Rxd6 Rde7 42. Rb6 Rc8 43. Rd2 h5 44. g3 Rc5 45. b4 Rc4 46. Kg2 h4 47. Kh3 hxg3 48. hxg3 1-0

[Event "4NCL 2019-20"]
[Site "Daventry"]
[Date "2020.01.12"]
[Round "4"]
[White "Camacho Collados, Jose"]
[Black "Greet, Andrew N"]
[Result "1-0"]
[ECO "A07"]
[WhiteElo "2419"]
[BlackElo "2425"]
[Annotator "ChessBase"]
[PlyCount "69"]
[EventDate "2020.01.11"]
[EventCountry "ENG"]
[SourceTitle "playchess.com"]
[Source "ChessBase"]
[SourceQuality "1"]
[TimeControl "40/6000:3000+30"]

1. Nf3 d5 2. g3 Nf6 3. Bg2 Bf5 4. b3 e6 5. Bb2 Be7 6. d3 O-O 7. O-O a5 8. a4 Na6 9. Nbd2 h6 10. Re1 Bh7 11. e4 c6 12. e5 Nd7 13. Nd4 Nb4 14. f4 Qb6 15. Kh1 Bxd3 16. cxd3 Nxd3 17. Qc2 Nxe1 18. Rxe1 Bb4 19. Rf1 Nc5 20. f5 Qa6 21. Rf3 exf5 22. Bf1 b5 23. Rxf5 Qb7 24. N2f3 bxa4 25. bxa4 Rac8 26. Rf4 Ne4 27. Nf5 Qa7 28. N3d4 Qc5 29. Qe2 Kh7 30. Nxg7 Bd2 31. Rxe4 dxe4 32. Qxd2 Qd5 33. Qf4 Rb8 34. Ngf5 e3+ 35. Kg1 1-0

[Event "4NCL 2019-20"]
[Site "Daventry"]
[Date "2020.01.12"]
[Round "4"]
[White "Harvey, Marcus R"]
[Black "Schneider, Dmitry"]
[Result "1-0"]
[ECO "A13"]
[WhiteElo "2419"]
[BlackElo "2475"]
[Annotator "ChessBase"]
[PlyCount "105"]
[EventDate "2020.01.11"]
[EventCountry "ENG"]
[SourceTitle "playchess.com"]
[Source "ChessBase"]
[SourceQuality "1"]
[TimeControl "40/6000:3000+30"]

1. c4 e6 2. Nf3 d5 3. e3 Nf6 4. b3 c5 5. Bb2 Nc6 6. cxd5 exd5 7. d4 cxd4 8. Nxd4 Bb4+ 9. Bc3 Qa5 10. Qd2 Bxc3 11. Nxc3 O-O 12. Be2 Bg4 13. Bxg4 Nxg4 14. h3 Nf6 15. O-O Nxd4 16. Qxd4 Rac8 17. b4 Qb6 18. Qxb6 axb6 19. Nb5 Rc4 20. a3 Ra8 21. Rad1 Rc2 22. Rc1 Rac8 23. Rxc2 Rxc2 24. Rd1 Kf8 25. Rd3 Rc1+ 26. Kh2 Rc2 27. f3 Ke7 28. Nd4 Rc1 29. Nf5+ Kf8 30. e4 dxe4 31. fxe4 g6 32. e5 Ne8 33. Nd6 Nxd6 34. Rxd6 Ra1 35. Rxb6 Rxa3 36. Rxb7 Re3 37. Rb5 h5 38. Kg1 h4 39. Kf2 Rb3 40. Rb7 Rb2+ 41. Kf3 Rb3+ 42. Kf4 Rg3 43. b5 Rxg2 44. b6 Rb2 45. Kg5 Rb4 46. Kh6 Rb5 47. Rb8+ Ke7 48. b7 g5 49. Kh5 Kd7 50. Rf8 Kc7 51. b8=Q+ Rxb8 52. Rxb8 Kxb8 53. Kxg5 1-0

[Event "4NCL 2019-20"]
[Site "Daventry"]
[Date "2020.01.12"]
[Round "4"]
[White "McDonald, Neil"]
[Black "Sucikova, Svetlana"]
[Result "1-0"]
[ECO "B15"]
[WhiteElo "2408"]
[BlackElo "2160"]
[Annotator "RC"]
[PlyCount "139"]
[EventDate "2020.01.11"]
[EventCountry "ENG"]
[SourceTitle "playchess.com"]
[Source "ChessBase"]
[SourceQuality "1"]
[TimeControl "40/6000:3000+30"]

1. e4 c6 2. d4 d5 3. Nd2 dxe4 4. Nxe4 Nf6 5. Nxf6+ exf6 6. c3 Bd6 7. Bd3 O-O 8. Ne2 Re8 9. Qc2 h6 10. Be3 Be6 11. O-O-O b5 12. Kb1 Nd7 13. Nf4 Bxf4 14. Bxf4 Nb6 15. Rhe1 a5 16. Bh7+ Kh8 17. Bf5 Qd5 18. Bxe6 Rxe6 19. Rxe6 Qxe6 20. Qd3 Re8 21. h3 a4 22. g4 Nd5 23. Bd2 Qe2 24. Qxe2 Rxe2 25. Kc1 Kg8 26. Rf1 Kf8 27. Kd1 Re6 28. Rg1 f5 29. Rg3 fxg4 30. hxg4 Rg6 31. Ke2 Ke7 32. b3 axb3 33. axb3 Re6+ 34. Kd3 g5 35. c4 bxc4+ 36. bxc4 Nf6 37. Bb4+ Kd7 38. f3 h5 39. gxh5 Nxh5 40. Rxg5 Nf4+ 41. Kd2 Re2+ 42. Kd1 Rb2 43. Bc3 Nh3 44. Bxb2 Nxg5 45. Ke2 Ke6 46. Ke3 f5 47. Ba3 Nh7 48. Kf4 Nf6 49. Bb4 Nd7 50. Ba5 Nf6 51. Bc7 Nd7 52. Kg5 Nf8 53. Kh6 Kf7 54. Bb6 Ne6 55. Kh5 Kf6 56. Kh4 Nf4 57. Kg3 Nd3 58. Ba5 Nb2 59. d5 Nxc4 60. dxc6 Ke5 61. Bb4 Nb6 62. Kh4 Kd5 63. c7 Kc6 64. Ba5 Nc8 65. Kg5 Nd6 66. Bd2 Kd7 67. Bf4 Kxc7 68. Bxd6+ Kxd6 69. Kxf5 Ke7 70. Kg6 1-0

[Event "4NCL 2019-20"]
[Site "Daventry"]
[Date "2020.01.12"]
[Round "4"]
[White "Murphy, Conor E"]
[Black "Reimanis, Ritvars"]
[Result "1/2-1/2"]
[ECO "B31"]
[WhiteElo "2407"]
[BlackElo "2370"]
[Annotator "ChessBase"]
[PlyCount "73"]
[EventDate "2020.01.11"]
[EventCountry "ENG"]
[SourceTitle "playchess.com"]
[Source "ChessBase"]
[SourceQuality "1"]
[TimeControl "40/6000:3000+30"]

1. e4 c5 2. Nf3 Nc6 3. Bb5 g6 4. Bxc6 bxc6 5. O-O Bg7 6. Re1 Nh6 7. c3 d6 8. h3 f6 9. d4 cxd4 10. cxd4 Nf7 11. Nc3 O-O 12. Bd2 Rb8 13. Rb1 Bd7 14. Qa4 Rb7 15. Qc4 Qc8 16. Qa6 Rb6 17. Qd3 Rb7 18. h4 Bg4 19. Nh2 Be6 20. h5 gxh5 21. Qg3 Nh8 22. f4 f5 23. d5 cxd5 24. exd5 Bf7 25. Nf3 Ng6 26. Ng5 Qc4 27. Qf3 h6 28. Nxf7 Rxf7 29. g3 h4 30. Re6 Bf6 31. Kh1 Rg7 32. b3 Qd4 33. Rd1 hxg3 34. Ne2 Qf2 35. Qxg3 Qc5 36. Qd3 Qf2 37. Qg3 1/2-1/2

[Event "4NCL 2019-20"]
[Site "Daventry"]
[Date "2020.01.12"]
[Round "4"]
[White "Houska, Jovanka"]
[Black "Chow, Samuel"]
[Result "1/2-1/2"]
[ECO "D77"]
[WhiteElo "2401"]
[BlackElo "2317"]
[Annotator "ChessBase"]
[PlyCount "66"]
[EventDate "2020.01.11"]
[EventCountry "ENG"]
[SourceTitle "playchess.com"]
[Source "ChessBase"]
[SourceQuality "1"]
[TimeControl "40/6000:3000+30"]

1. d4 Nf6 2. Nf3 g6 3. g3 Bg7 4. Bg2 O-O 5. O-O d5 6. c4 dxc4 7. Na3 c3 8. bxc3 c5 9. Bb2 Nc6 10. Re1 Nd5 11. Rb1 Nb6 12. dxc5 Qxd1 13. Rexd1 Na4 14. Nd4 Bd7 15. Ba1 Nxc5 16. Nb3 Nxb3 17. Rxd7 Nxa1 18. Rdxb7 Rac8 19. Rxa1 Bxc3 20. Rd1 a5 21. Nb5 Bf6 22. Nc7 Nd4 23. Kf1 e6 24. e3 Nc2 25. Rd2 Na3 26. Ra7 Nb1 27. Rd7 Nc3 28. Bh3 Rcd8 29. Rxd8 Bxd8 30. a3 Bxc7 31. Rxc7 Nb5 32. Rc5 Nxa3 33. Rxa5 Nc4 1/2-1/2

[Event "4NCL 2019-20"]
[Site "Daventry"]
[Date "2020.01.12"]
[Round "4"]
[White "Wells, Peter K"]
[Black "Haria, Ravi"]
[Result "0-1"]
[ECO "E01"]
[WhiteElo "2390"]
[BlackElo "2450"]
[Annotator "ChessBase"]
[PlyCount "48"]
[EventDate "2020.01.11"]
[EventCountry "ENG"]
[SourceTitle "playchess.com"]
[Source "ChessBase"]
[SourceQuality "1"]
[TimeControl "40/6000:3000+30"]

1. Nf3 d5 2. d4 Nf6 3. c4 e6 4. g3 Bb4+ 5. Bd2 Bd6 6. Nc3 O-O 7. Bg5 c6 8. Bg2 h6 9. Bxf6 Qxf6 10. O-O Qd8 11. e4 dxc4 12. Qe2 b5 13. e5 Be7 14. a4 b4 15. Ne4 Ba6 16. Rfc1 c3 17. Qc2 Bd3 18. Qxd3 cxb2 19. Rab1 bxc1=Q+ 20. Rxc1 Nd7 21. Rxc6 Rc8 22. d5 exd5 23. Rxc8 Qxc8 24. Qxd5 Nb6 0-1

[Event "4NCL 2019-20"]
[Site "Daventry"]
[Date "2020.01.12"]
[Round "4"]
[White "Ashton, Adam G"]
[Black "House, Glenn L"]
[Result "1-0"]
[ECO "B40"]
[WhiteElo "2379"]
[BlackElo "2239"]
[Annotator "ChessBase"]
[PlyCount "51"]
[EventDate "2020.01.11"]
[EventCountry "ENG"]
[SourceTitle "playchess.com"]
[Source "ChessBase"]
[SourceQuality "1"]
[TimeControl "40/6000:3000+30"]

1. e4 c5 2. Nf3 e6 3. g3 Nc6 4. Bg2 Nf6 5. Qe2 d5 6. exd5 Nxd5 7. O-O Be7 8. Rd1 Nf6 9. c3 O-O 10. d4 cxd4 11. Nxd4 Nxd4 12. Rxd4 Qb6 13. Be3 Bc5 14. Rb4 Qd6 15. Bxc5 Qxc5 16. Nd2 Rb8 17. Rd1 Rd8 18. Ne4 Rxd1+ 19. Qxd1 Nxe4 20. Bxe4 f5 21. Qd8+ Kf7 22. Bf3 Qe7 23. Qh8 h6 24. Bh5+ Kf6 25. Qh7 Ke5 26. Rd4 {[%emt 0:00:00] Kd5} 1-0

[Event "4NCL 2019-20"]
[Site "Daventry"]
[Date "2020.01.12"]
[Round "4"]
[White "Ledger, Andrew J"]
[Black "Holland, James P"]
[Result "1/2-1/2"]
[ECO "D07"]
[WhiteElo "2347"]
[BlackElo "2228"]
[Annotator "ChessBase"]
[PlyCount "101"]
[EventDate "2020.01.11"]
[EventCountry "ENG"]
[SourceTitle "playchess.com"]
[Source "ChessBase"]
[SourceQuality "1"]
[TimeControl "40/6000:3000+30"]

1. d4 d5 2. c4 Nc6 3. Nf3 Bg4 4. Nc3 e6 5. Bg5 Be7 6. Bxe7 Ngxe7 7. e3 O-O 8. Be2 dxc4 9. Bxc4 Nc8 10. O-O Nd6 11. Be2 Re8 12. h3 Bf5 13. Qa4 e5 14. dxe5 Nxe5 15. Rfd1 Qb8 16. Nxe5 Rxe5 17. Qf4 f6 18. Rd5 Rxd5 19. Nxd5 Be6 20. Bf3 c6 21. Nc3 Nc4 22. Qd4 Qe5 23. Rd1 Qxd4 24. Rxd4 Ne5 25. Be2 f5 26. f4 Nf7 27. g4 Rd8 28. Rxd8+ Nxd8 29. Kf2 Nf7 30. gxf5 Bxf5 31. h4 Nd6 32. Bf3 Kf7 33. e4 Bd7 34. b4 b6 35. Ke3 c5 36. bxc5 bxc5 37. Kd3 Be6 38. e5 Nf5 39. h5 g6 40. hxg6+ Kxg6 41. Bd5 Bxd5 42. Nxd5 h5 43. Ke4 h4 44. Nf6 c4 45. Ng4 h3 46. e6 c3 47. Kd3 c2 48. Kxc2 Nd4+ 49. Kd3 Nxe6 50. Ke4 Ng7 51. Kf3 1/2-1/2

[Event "4NCL 2019-20"]
[Site "Daventry"]
[Date "2020.01.12"]
[Round "4"]
[White "Taylor, Martin R"]
[Black "Paehtz, Elisabeth"]
[Result "0-1"]
[ECO "A36"]
[WhiteElo "2345"]
[BlackElo "2467"]
[Annotator "ChessBase"]
[PlyCount "92"]
[EventDate "2020.01.11"]
[EventCountry "ENG"]
[SourceTitle "playchess.com"]
[Source "ChessBase"]
[SourceQuality "1"]
[TimeControl "40/6000:3000+30"]

1. c4 c5 2. g3 Nc6 3. Bg2 g6 4. Nc3 Bg7 5. a3 e6 6. Rb1 Nge7 7. b4 cxb4 8. axb4 O-O 9. Nf3 d5 10. b5 Na5 11. cxd5 exd5 12. d4 Bf5 13. Ra1 Rc8 14. Bd2 Nc4 15. O-O Qb6 16. e3 Rc7 17. Be1 Rfc8 18. Nh4 Be6 19. Qa4 Nd6 20. Qxa7 Qxa7 21. Rxa7 Rxc3 22. Bxc3 Rxc3 23. Rb1 Bf6 24. Nf3 Bf5 25. Rba1 Nec8 26. R7a3 Rxa3 27. Rxa3 Nxb5 28. Rb3 Nbd6 29. Ne5 Be6 30. Nd3 Bd8 31. Nf4 Nb6 32. Ra3 g5 33. Nd3 Kf8 34. Ra7 Ke7 35. Nb4 Kd7 36. Kf1 Be7 37. Ke2 Kc7 38. Ra1 Ndc4 39. Nd3 Bd7 40. Rc1 Bb5 41. Kf3 Kd8 42. Rd1 h5 43. h3 Na4 44. Bf1 Nc3 45. Rc1 Nd2+ 46. Kg2 Na2 0-1

[Event "4NCL 2019-20"]
[Site "Daventry"]
[Date "2020.01.12"]
[Round "4"]
[White "Derakhshani, Borna"]
[Black "Sarakauskas, Gediminas"]
[Result "1/2-1/2"]
[ECO "A48"]
[WhiteElo "2342"]
[BlackElo "2433"]
[Annotator "ChessBase"]
[PlyCount "23"]
[EventDate "2020.01.11"]
[EventCountry "ENG"]
[SourceTitle "playchess.com"]
[Source "ChessBase"]
[SourceQuality "1"]
[TimeControl "40/6000:3000+30"]

1. Nf3 g6 2. d4 Bg7 3. e3 Nf6 4. b3 d6 5. Bb2 O-O 6. Be2 e5 7. dxe5 Ng4 8. h3 Nxe5 9. Nxe5 Bxe5 10. Bxe5 dxe5 11. Qxd8 Rxd8 12. Nd2 1/2-1/2

[Event "4NCL 2019-20"]
[Site "Daventry"]
[Date "2020.01.12"]
[Round "4"]
[White "Fitzsimons, David"]
[Black "Milliet, Sophie"]
[Result "1/2-1/2"]
[ECO "B51"]
[WhiteElo "2317"]
[BlackElo "2390"]
[Annotator "ChessBase"]
[PlyCount "89"]
[EventDate "2020.01.11"]
[EventCountry "ENG"]
[SourceTitle "playchess.com"]
[Source "ChessBase"]
[SourceQuality "1"]
[TimeControl "40/6000:3000+30"]

1. e4 c5 2. Nf3 d6 3. Bb5+ Nd7 4. d4 cxd4 5. Qxd4 a6 6. Be2 Ngf6 7. O-O e5 8. Qe3 Nc5 9. Nfd2 Be7 10. c4 O-O 11. Nc3 Bd7 12. h3 Rc8 13. Rd1 Ne6 14. Nb3 Nf4 15. Bf1 Be6 16. Qf3 Ng6 17. Bg5 Bxc4 18. Bxc4 Rxc4 19. Qd3 Rc6 20. Bxf6 Bxf6 21. g3 Ne7 22. Nd2 Qc8 23. h4 g6 24. Rac1 Kh8 25. Nb3 Qc7 26. Kg2 Bg7 27. Nd5 Nxd5 28. Rxc6 Nf4+ 29. gxf4 Qxc6 30. Na5 Qc8 31. f5 gxf5 32. exf5 d5 33. Qxd5 Qxf5 34. Nxb7 Qg4+ 35. Kf1 Qxh4 36. Nd6 Qh5 37. Rc1 Qh3+ 38. Ke1 Qd7 39. Rc6 a5 40. Rb6 Qc7 41. Rb7 Qc1+ 42. Ke2 Qc2+ 43. Ke1 Qc1+ 44. Ke2 Qc2+ 45. Ke1 1/2-1/2

[Event "4NCL 2019-20"]
[Site "Daventry"]
[Date "2020.01.12"]
[Round "4"]
[White "O'Donnell, Conor"]
[Black "Wadsworth, Matthew J"]
[Result "0-1"]
[ECO "A65"]
[WhiteElo "2307"]
[BlackElo "2401"]
[Annotator "ChessBase"]
[PlyCount "60"]
[EventDate "2020.01.11"]
[EventCountry "ENG"]
[SourceTitle "playchess.com"]
[Source "ChessBase"]
[SourceQuality "1"]
[TimeControl "40/6000:3000+30"]

1. d4 Nf6 2. c4 c5 3. d5 e6 4. Nc3 exd5 5. cxd5 d6 6. e4 g6 7. Nge2 Bg7 8. Ng3 a6 9. a4 Nbd7 10. Be2 h5 11. O-O h4 12. Nh1 Nh5 13. Be3 Qe7 14. Qd2 Ne5 15. Bg5 f6 16. Bxh4 Bh6 17. Qc2 Nf4 18. Rfe1 Qh7 19. Bg3 Bg5 20. f3 Qh6 21. Bf1 Bh4 22. Kf2 c4 23. Rad1 Qg5 24. Kg1 Bxg3 25. hxg3 Rxh1+ 26. Kxh1 Qxg3 27. b3 Bd7 28. Bxc4 Ke7 29. Re3 Rh8+ 30. Kg1 Rh2 0-1

[Event "4NCL 2019-20"]
[Site "Daventry"]
[Date "2020.01.12"]
[Round "4"]
[White "Ciuksyte, Dagne"]
[Black "Jaufarally, Nadia"]
[Result "1-0"]
[ECO "B38"]
[WhiteElo "2295"]
[BlackElo "1932"]
[Annotator "ChessBase"]
[PlyCount "67"]
[EventDate "2020.01.11"]
[EventCountry "ENG"]
[SourceTitle "playchess.com"]
[Source "ChessBase"]
[SourceQuality "1"]
[TimeControl "40/6000:3000+30"]

1. e4 c5 2. Nf3 g6 3. d4 cxd4 4. Nxd4 Nc6 5. c4 Bg7 6. Be3 d6 7. Nc3 Qb6 8. Ndb5 Bxc3+ 9. bxc3 Qa5 10. Be2 a6 11. Nd4 Qxc3+ 12. Kf1 Ne5 13. Nb3 Be6 14. c5 Rd8 15. Rc1 Qb4 16. cxd6 Bxb3 17. axb3 Qxd6 18. Qxd6 Rxd6 19. f4 Nc6 20. e5 Rd7 21. Kf2 Nh6 22. g4 e6 23. h3 Ng8 24. Bxa6 Nxe5 25. Rc8+ Rd8 26. Rxd8+ Kxd8 27. Bxb7 Nd7 28. Ra1 Kc7 29. Bf3 Ngf6 30. Ra7+ Kd6 31. Bd4 Rf8 32. Bb2 Nd5 33. Ba3+ Nc5 34. Ra6+ 1-0

[Event "4NCL 2019-20"]
[Site "Daventry"]
[Date "2020.01.12"]
[Round "4"]
[White "Kolbus, Dietmar"]
[Black "Regan, Natasha K"]
[Result "1-0"]
[ECO "A20"]
[WhiteElo "2294"]
[BlackElo "1956"]
[Annotator "ChessBase"]
[PlyCount "59"]
[EventDate "2020.01.11"]
[EventCountry "ENG"]
[SourceTitle "playchess.com"]
[Source "ChessBase"]
[SourceQuality "1"]
[TimeControl "40/6000:3000+30"]

1. c4 e5 2. Nf3 Nc6 3. d4 e4 4. Nfd2 f5 5. Nb3 Nf6 6. Nc3 a5 7. d5 Ne5 8. Nd4 g6 9. e3 Nf7 10. Be2 b6 11. b3 h5 12. Bb2 Bb7 13. Qd2 Rc8 14. O-O-O Qe7 15. Ndb5 d6 16. Kb1 Ng4 17. Rdf1 Bh6 18. h3 Nf6 19. Nd4 Nd8 20. g4 hxg4 21. hxg4 Nxg4 22. Bxg4 fxg4 23. Rhg1 Nf7 24. Rxg4 Ng5 25. Qc2 Kd7 26. Nxe4 Rhg8 27. Nxg5 Bxg5 28. Rfg1 Bh4 29. Nf5 gxf5 30. Qxf5+ 1-0

[Event "4NCL 2019-20"]
[Site "Daventry"]
[Date "2020.01.12"]
[Round "4"]
[White "Povah, Nigel E"]
[Black "York-Weaving, Richard"]
[Result "1/2-1/2"]
[ECO "B13"]
[WhiteElo "2284"]
[BlackElo "2335"]
[Annotator "ChessBase"]
[PlyCount "91"]
[EventDate "2020.01.11"]
[EventCountry "ENG"]
[SourceTitle "playchess.com"]
[Source "ChessBase"]
[SourceQuality "1"]
[TimeControl "40/6000:3000+30"]

1. d4 Nf6 2. Bg5 d5 3. Bxf6 gxf6 4. c4 c5 5. e3 cxd4 6. exd4 Nc6 7. Nc3 dxc4 8. d5 Ne5 9. Bxc4 Nxc4 10. Qa4+ Bd7 11. Qxc4 Qb6 12. Nge2 Rg8 13. O-O Rg4 14. Qd3 f5 15. a3 h5 16. h3 Rg5 17. Rfe1 O-O-O 18. Qc4+ Qc7 19. Qh4 Rg6 20. Rac1 Kb8 21. Nb5 Qb6 22. Qf4+ Rd6 23. Nxd6 exd6 24. Qd4 Qxd4 25. Nxd4 Bg7 26. Red1 Re8 27. b3 Re4 28. Rc4 Bf6 29. a4 a6 30. g3 Re8 31. Nf3 Re2 32. Rd2 Re8 33. h4 Rg8 34. Rdc2 Bd8 35. Ng5 Rg7 36. Nh3 Bb6 37. Kg2 Bd8 38. Nf4 Rh7 39. Ne2 Rg7 40. Kf3 Rg8 41. Nf4 Rh8 42. Ng2 Re8 43. Ne3 Re5 44. Ng2 Rxd5 45. Nf4 Re5 46. Nxh5 1/2-1/2